 Dungeon Crawl Stone Soup version 0.26.0-16-gc1dbca0489 (webtiles) character file.

Game seed: 9034005533845591400

68 EnegeticOcto the Skirmisher (level 4, 10/40 HPs)
             Began as a Ghoul Venom Mage on Jan 20, 2021.
             Was an Initiate of Okawaru.
             Quit the game on level 3 of the Dungeon.
             The game lasted 00:02:26 (2256 turns).

EnegeticOcto the Skirmisher (Ghoul Venom Mage)      Turns: 2256, Time: 00:02:26

Health: 10/40      AC:  7    Str: 12    XL:     4   Next: 19%
Magic:  5/5        EV: 10    Int: 10    God:    Okawaru [......]
Gold:   181        SH:  0    Dex:  9    Spells: 5/6 levels left

rFire    . . .     SeeInvis .   t - +0 quarterstaff
rCold    + . .     Faith    .   (shield currently unavailable)
rNeg     + + +     Spirit   .   q - +0 ring mail
rPois    ∞         Reflect  .   (no helmet)
rElec    .         Harm     .   (no cloak)
rCorr    +         Rampage  .   m - +0 pair of gloves
Will     .....                  c - +0 pair of boots
Stlth    +.........             (no amulet)
HPRegen  0.00/turn              l - ring of resist corrosion
MPRegen  0.09/turn              (no ring)

@: no status effects
A: claws 1, cold resistance 1, negative energy resistance 3, inhibited
regeneration, torment resistance, unbreathing
a: Renounce Religion


You were on level 3 of the Dungeon.
You worshipped Okawaru.
Okawaru was noncommittal.
You visited 1 branch of the dungeon, and saw 3 of its levels.

You collected 181 gold pieces.

Inventory:

Hand Weapons
 i - a +1 short sword of protection
   (You took it off a kobold on level 1 of the Dungeon)
 t - a +0 quarterstaff (weapon)
   (You found it on level 3 of the Dungeon)
Armour
 a - a +0 robe
 c - a +0 pair of boots (worn)
   (You found it on level 1 of the Dungeon)
 m - a +0 pair of gloves (worn)
   (You found it on level 2 of the Dungeon)
 q - a +0 ring mail (worn)
   (You found it on level 2 of the Dungeon)
Jewellery
 l - a ring of resist corrosion (left hand)
   (You found it on level 2 of the Dungeon)
Scrolls
 b - a scroll of teleportation {@r3 !r}
 d - a scroll of remove curse {unknown}
 e - a scroll of enchant weapon {unknown}
 j - a scroll of fog {unknown}
 n - 3 scrolls of identify {unknown}
 o - a scroll of enchant armour {unknown}
 p - a scroll of magic mapping {unknown}
 r - a scroll of immolation {unknown}
 w - a scroll of blinking {unknown}
Potions
 f - a potion of lignification {unknown}
 g - a potion of mutation {unknown}
 h - a potion of curing {unknown}
 k - a potion of invisibility {unknown}
 s - a potion of magic {unknown}
 u - a potion of brilliance {unknown}
 v - a potion of attraction {unknown}


   Skills:
 + Level 4.1 Fighting
 - Level 1.7 Dodging
 - Level 2.1 Stealth
 - Level 1.7 Spellcasting
 - Level 0.8 Transmutations
 - Level 3.0 Poison Magic


You had 5 spell levels left.
You knew the following spells:

 Your Spells              Type           Power        Failure   Level
a - Sting                 Tmut/Pois      16%          32%         1

Your spell library contained the following spells:

 Spells                   Type           Power        Failure   Level
 Poisonous Vapours        Pois/Air       6%           52%         2
 Ignite Poison            Fire/Tmut/Pois 3%           78%         3
 Mephitic Cloud           Conj/Pois/Air  2%           82%         3
 Olgreb's Toxic Radiance  Pois           6%           91%         4


Dungeon Overview and Level Annotations

Branches:
Dungeon (3/15)

Altars:
Okawaru
Yredelemnul

Annotations:
D:2 exclusion: goblin, Sigmund


Innate Abilities, Weirdness & Mutations

You thrive by killing the living.
You are immune to poison.
You have sharp fingernails.
Your flesh is cold resistant. (rC+)
You are immune to negative energy. (rN+++)
You do not regenerate when monsters are visible.
You are immune to unholy pain and torment.
You can survive without breathing.


Message History

You see here a leopard gecko corpse.
You now have 146 gold pieces (gained 13).
Found a stone staircase leading down.
A goblin comes into view.
You sock the goblin!
You kill the goblin!
Okawaru accepts your kill.
No target in view!
No target in view!
No target in view!
No target in view!
No target in view!
No target in view!
No target in view!
No target in view!
Things that are here:
a +0 hunting sling; 13 stones; a goblin corpse You now have 155 gold pieces (gained 9).
You now have 173 gold pieces (gained 18).
Found a ring mail.
You see here a ring mail.
u - a fizzy yellow potion
v - a fuming blue potion An adder comes into view.
You hit the adder.
The adder is heavily wounded.
The adder bites you but does no damage.
You miss the adder.
The adder is heavily wounded.
The adder barely misses you. The adder bites you but does no damage.
You thump the adder!
You kill the adder!
Okawaru accepts your kill.
Your Fighting skill increases to level 4!
You have reached level 4!
Found 17 stones.
You see here 17 stones.
w - a scroll labelled OSTUTA UMOOMA You see here 17 stones.
n - 3 scrolls labelled ENEMEL JUARONGIS (gained 1)
Found a hunting sling.
A giant cockroach comes into view.
Found 26 stones.
A giant cockroach is nearby!
You closely miss the giant cockroach. The giant cockroach misses you.
You sock the giant cockroach!
You kill the giant cockroach!
Okawaru accepts your kill.
No target in view!
No target in view!
No target in view!
No target in view!
No target in view!
You now have 181 gold pieces (gained 8).
Found a hand axe.
An orc comes into view. It is wielding a +0 falchion.
The orc shouts!
An orc comes into view. It is wielding a +0 short sword.
An orc comes into view. It is wielding a +0 dagger.
The orc shouts!
You hear a shout!
An orc priest comes into view. It is wielding a +0 club.
A leopard gecko comes into view.
You hit the orc.
The orc is lightly wounded.
The orc hits you but does no damage.
You hit the orc but do no damage. You barely miss the orc.
The orc closely misses you.
You barely miss the orc. The orc hits you with a +0 short sword.
The orc completely misses you. The orc hits you with a +0 short sword.
You closely miss the orc. The orc hits you but does no damage. x2
The orc hits you with a +0 falchion!
You barely miss the orc. The orc hits you with a +0 falchion.
You are too injured to fight recklessly!
You are too injured to fight recklessly!
You are too injured to fight recklessly!
You are too injured to fight recklessly!
You are too injured to fight recklessly!
You are too injured to fight recklessly!
You are too injured to fight recklessly!
You are too injured to fight recklessly!
You are too injured to fight recklessly!
You are too injured to fight recklessly!
You are too injured to fight recklessly!
You are too injured to fight recklessly!
You are too injured to fight recklessly!
You are too injured to fight recklessly!
You sock the orc!
You kill the orc!
Okawaru accepts your kill.
The orc priest invokes the aid of Beogh against you.
Beogh smites you!
You hit the orc.
The orc is heavily wounded.
The orc priest begins to cast a cantrip, but forgets the words!
The orc hits you with a +0 dagger.
* * * LOW HITPOINT WARNING * * *
Unknown command.
Okay, then.
Okay, then.
Are you sure you want to abandon this character and quit the game? (Confirm with "yes".)

........ #...... ....ol
#...o ##### ##l..
#####.... .o. #.....###
#.# #.##### ##o##
####.#### #.o@# #.......#
#...# #.#...#.#### #...#
#..........† #...#
#.......###.
####...#####.......###.
.....................##.
.)...............#.#....
#.............##.##.#.##.
######.#.#######.##......


You could see an orc priest, 2 orcs and a leopard gecko.

Vanquished Creatures
  An adder (D:3)
  2 oozes (D:2)
  A worm (D:2)
  A dart slug (D:2)
  A leopard gecko (D:3)
  2 orcs (D:3)
  A ball python (D:2)
  A giant cockroach (D:3)
  6 goblins
  3 hobgoblins
  3 jackals (D:2)
  7 bats
  3 frilled lizards
  3 kobolds
  8 rats
43 creatures vanquished.

Notes
Turn   | Place    | Note
-------+----------+-------------------------------------------
     0 | D:1      | EnegeticOcto the Ghoul Venom Mage began the quest for the
                  | Orb.
     0 | D:1      | Reached XP level 1. HP: 14/14 MP: 2/2
   144 | D:1      | Reached skill level 1 in Fighting
   447 | D:1      | Reached XP level 2. HP: 19/24 MP: 3/3
   708 | D:1      | Reached skill level 2 in Fighting
  1344 | D:2      | Reached skill level 3 in Fighting
  1344 | D:2      | Reached XP level 3. HP: 29/31 MP: 4/4
  1408 | D:2      | Found a basalt altar of Yredelemnul.
  1603 | D:2      | Found an iron altar of Okawaru.
  1612 | D:2      | Became a worshipper of Warmaster Okawaru
  1893 | D:2      | Noticed Sigmund
  2174 | D:3      | Reached skill level 4 in Fighting
  2174 | D:3      | Reached XP level 4. HP: 40/40 MP: 5/5
  2256 | D:3      | Quit the game

Illustrated notes

Levels and vault maps discovered:
D:1:      zaba_arrival_water, layout_basic
D:2:      layout_basic, general_overflow_altar, kennysheep_okawaru_gauntlet,
          grunt_ministairs_7, uniq_sigmund
D:3:      layout_loops_cross

Skill      XL: |  1  2  3 |
---------------+----------+-----
Fighting       | 1 3 4 |  4.1
Dodging        | |  1.7
Stealth        | |  2.1
Spellcasting   | |  1.7
Transmutations | |  0.8
Poison Magic   | |  3.0

Action                   |  1- 3 |  4- 6 || total
-------------------------+-------+-------++-------
Melee: Unarmed           |    66 |       ||    66
       Short sword       |    85 |       ||    85
       Quarterstaff      |     4 |    10 ||    14
  Use: Scroll            |     1 |       ||     1
 Stab: Sleeping          |     5 |       ||     5
Armor: Robe              |    38 |       ||    38
       Ring mail         |    18 |     3 ||    21
Dodge: Dodged            |   124 |     3 ||   127
